[Event "WCCC U10 2019"]
[Site "Weifang"]
[Date "2019.08.29"]
[Round "8.6"]
[White "Xie, Bryan"]
[Black "Mayank Chakraborty"]
[Result "0-1"]
[ECO "B88"]
[WhiteElo "1696"]
[BlackElo "1731"]
[Annotator "NA"]
[PlyCount "120"]
[EventDate "2019.08.21"]
[EventType "swiss"]
[EventCountry "CHN"]
[SourceTitle "playchess.com"]
[Source "ChessBase"]
[SourceQuality "1"]
[TimeControl "40/5400+30:1800+30"]

1. e4 c5 2. Nf3 d6 3. d4 cxd4 4. Nxd4 Nf6 5. Nc3 Nc6 6. Bc4 e6 7. O-O Be7 8. Bb3 O-O 9. Be3 a6 10. f4 Na5 11. Qf3 Nxb3 12. Nxb3 Qc7 13. Rad1 b5 14. a3 Bb7 15. Bd4 e5 16. Be3 Rac8 17. Rd2 Qb8 18. fxe5 dxe5 19. Nd5 Nxd5 20. exd5 Qd6 21. Na5 Ba8 22. Qf2 f5 23. b4 Qg6 24. Bc5 Bd6 25. c4 Rf6 26. Rfd1 Qf7 27. Nc6 bxc4 28. Bxd6 Rxd6 29. Qc5 Bxc6 30. Qxd6 c3 31. Re2 Ba4 32. Rc1 e4 33. Qxa6 Qd7 34. Qe6+ Qxe6 35. dxe6 g6 36. Kf2 Kg7 37. Ke3 Kf6 38. Kd4 c2 39. Kd5 Rc3 40. b5 Rxa3 41. b6 Rb3 42. g4 Rb5+ 43. Kd4 Rxb6 44. gxf5 gxf5 45. e7 Kxe7 46. Ke5 Rb5+ 47. Kf4 Kf6 48. Rexc2 Bxc2 49. Rxc2 Re5 50. Rc6+ Re6 51. Rc5 e3 52. Rc1 Re4+ 53. Kf3 Ke5 54. Ke2 Kf4 55. Rc7 Ra4 56. Rxh7 Ra2+ 57. Ke1 Kf3 58. Rh3+ Ke4 59. Rh8 f4 60. Rh7 f3 0-1

[Event "WCCC U10 2019"]
[Site "Weifang"]
[Date "2019.08.29"]
[Round "8.7"]
[White "Chennareddy, Yuvraj"]
[Black "Mamedov, Edgar"]
[Result "0-1"]
[ECO "B01"]
[WhiteElo "1727"]
[BlackElo "1714"]
[Annotator "NA"]
[PlyCount "108"]
[EventDate "2019.08.21"]
[EventType "swiss"]
[EventCountry "CHN"]
[SourceTitle "playchess.com"]
[Source "ChessBase"]
[SourceQuality "1"]
[TimeControl "40/5400+30:1800+30"]

1. e4 d5 2. exd5 Qxd5 3. Nc3 Qa5 4. d4 Nf6 5. Nf3 Bf5 6. Ne5 c6 7. g4 Be6 8. Bc4 Bxc4 9. Nxc4 Qc7 10. Qe2 e6 11. Ne4 Nbd7 12. Bg5 Be7 13. Nxf6+ Nxf6 14. Ne5 Nd5 15. Bxe7 Qxe7 16. O-O-O O-O-O 17. c4 Nb6 18. Rhe1 f6 19. Nf3 Rhe8 20. Qc2 h6 21. Re4 Qf7 22. Rde1 Re7 23. Qe2 Rde8 24. h4 g5 25. hxg5 hxg5 26. Qc2 Kb8 27. a4 Nd7 28. Qe2 Nb6 29. a5 Nc8 30. c5 a6 31. Qc4 Na7 32. Nd2 Nb5 33. f4 gxf4 34. Rxf4 Nc7 35. g5 Nd5 36. gxf6 Nxf4 37. fxe7 Qf5 38. Re3 Rxe7 39. Qc2 Qg5 40. Qe4 Ka7 41. Rf3 e5 42. Rf1 exd4 43. Qxf4 Re1+ 44. Kc2 Qxc5+ 45. Kb3 Re3+ 46. Ka2 Qxa5+ 47. Kb1 Qxd2 48. Qd6 Qd3+ 49. Ka2 Qc4+ 50. b3 Qxb3+ 51. Ka1 Qa4+ 52. Kb1 Rb3+ 53. Kc1 Qc4+ 54. Kd2 Rb2+ 0-1

[Event "WCCC U10 2019"]
[Site "Weifang"]
[Date "2019.08.29"]
[Round "8.8"]
[White "Juhanak, Daniel"]
[Black "Bharadia Yash"]
[Result "0-1"]
[ECO "D02"]
[WhiteElo "1526"]
[BlackElo "1963"]
[Annotator "NA"]
[PlyCount "94"]
[EventDate "2019.08.21"]
[EventType "swiss"]
[EventCountry "CHN"]
[SourceTitle "playchess.com"]
[Source "ChessBase"]
[SourceQuality "1"]
[TimeControl "40/5400+30:1800+30"]

1. d4 Nf6 2. Nf3 d5 3. Bf4 e6 4. e3 c5 5. c3 Bd6 6. Bg3 Nc6 7. Nbd2 O-O 8. Bd3 Re8 9. Ne5 Bxe5 10. dxe5 Nd7 {[%emt 0:00:37] D02: 1 d4 d5 2 Nf3 sidelines, including 2...Nf6 3 g3 and 2...Nf6 3 Bf4} 11. f4 ({Don't play} 11. Qh5 g6 $15) ({White should play} 11. Nf3 $11 Qc7 12. O-O g6 13. e4 dxe4 14. Bxe4 Ncxe5 15. Nxe5 Nxe5 16. f4 f5 17. fxe5 fxe4 18. Qg4 {½-½ (41) Gorovets,A (2496)-Li,C (2732) chess.com INT 2018}) 11... c4 12. Bc2 $1 Qb6 $1 13. O-O $1 Qxb2 14. Nf3 h6 15. Qd2 Qb6 16. Nd4 $146 ({Predecessor:} 16. Rab1 Qc7 17. Bh4 Ne7 18. g4 Ng6 19. Bg3 a6 20. h4 Nc5 21. Qg2 Ne7 {½-½ (21) Camp,I (1823)-Sivarajasingam,S (1729) Cardiff 2017}) 16... a6 17. Bf2 (17. Rab1 $14 Qc5 18. e4) 17... Nc5 18. e4 Rd8 (18... dxe4 $15 19. Rab1 Qd8) 19. Qe3 (19. Nxc6 $16 Qxc6 20. f5) 19... Nxe4 20. Bxe4 dxe4 21. Qxe4 Nxd4 22. Bxd4 Qb5 23. Rab1 Qd5 24. Qe2 b5 25. Rfd1 Qc6 26. Qf2 Bb7 27. Bc5 Rd3 28. Bd4 Rd8 29. Rxd3 cxd3 30. Rd1 Qc4 31. Qd2 Be4 32. Qe3 Bf5 33. Qd2 Qd5 34. h3 Rc8 35. a3 Rc4 36. Qe3 Ra4 37. Qc1 Qa2 38. Bc5 Qc4 39. Bd4 Qb3 40. Bc5 Kh7 41. Rf1 Re4 42. Rf2 Re2 43. Be3 Be4 44. Rxe2 dxe2 45. Kf2 Qd1 46. Qd2 Qf1+ {[%emt 0:00:12] Double Attack} 47. Kg3 e1=Q+ 0-1

[Event "WCCC U10 2019"]
[Site "Weifang"]
[Date "2019.08.29"]
[Round "8.9"]
[White "Zhang, Lichen"]
[Black "Lu, Miaoyi"]
[Result "1/2-1/2"]
[ECO "D10"]
[WhiteElo "1482"]
[BlackElo "1950"]
[Annotator "NA"]
[PlyCount "182"]
[EventDate "2019.08.21"]
[EventType "swiss"]
[EventCountry "CHN"]
[SourceTitle "playchess.com"]
[Source "ChessBase"]
[SourceQuality "1"]
[TimeControl "40/5400+30:1800+30"]

1. c4 c6 2. d4 d5 3. cxd5 cxd5 4. Bf4 Nf6 5. Nc3 Nc6 6. e3 Bf5 7. Qb3 Na5 8. Qa4+ {[%emt 0:00:22] D10: Slav Defence: 3 cxd5 (without early Nf3) and 3 Nc3} Bd7 9. Qc2 e6 10. Bd3 Nc6 11. a3 Nh5 12. Nge2 $146 ({Predecessor:} 12. Be5 Nxe5 13. dxe5 g6 14. Nf3 Be7 {1-0 (44) Ponomariov,R (2709)-Motylev,A (2663) Tallinn 2016}) 12... Nxf4 13. Nxf4 Bd6 14. Nh5 Qg5 15. Ng3 h6 16. O-O O-O 17. f4 Qe7 18. Qe2 a6 19. Rae1 Rac8 20. f5 Bxg3 21. hxg3 Qg5 22. g4 Rce8 23. Qf3 Bc8 24. Qg3 exf5 25. Bxf5 g6 26. Bxc8 Rxc8 27. Rf4 Kg7 28. Qf3 (28. Ref1 $16) 28... Rcd8 $1 29. Rf1 Rd7 30. Na4 Nd8 31. Nc5 Re7 32. e4 ({Better is} 32. b4 $14) 32... b6 33. Nxa6 $2 (33. exd5 $11 {and White has nothing to worry.} bxc5 34. dxc5) 33... Ne6 34. Rf6 Nxd4 35. Qf2 Qe5 36. Nb4 Qxe4 $2 (36... dxe4 $19 37. Qe3 Qc5) 37. Kh1 Ne2 38. Nc6 Qxg4 39. Rf3 Rc7 40. Qxe2 Qh5+ 41. Kg1 Rxc6 42. Qe7 g5 43. Qe5+ Kg8 44. Qxd5 Rc2 45. Qb3 Qg6 46. Rxf7 Rxf7 47. Rxf7 Rxg2+ 48. Kxg2 Qxf7 49. Qxb6 Qd5+ 50. Kg3 Kg7 51. Qc7+ Kg6 52. Qc2+ Kf6 53. Qf2+ Kg7 54. Qa7+ Kg6 55. Qb6+ Kh5 56. Qe3 Qd6+ 57. Kg2 g4 58. Qe8+ Kh4 59. Qe1+ $11 Kg5 60. Qe3+ Kf5 61. Qf2+ Kg6 62. Qc2+ Kg5 63. Qc1+ Kh5 64. Qh1+ Kg6 65. Qc1 Qd5+ 66. Kh2 Qe5+ 67. Kg2 Qe2+ 68. Kg1 g3 69. Qc6+ Kg5 70. Qd5+ Kf4 71. Qf7+ Kg4 72. Qg6+ Kh3 73. Qxh6+ Kg4 74. Qg6+ Kh3 75. Qf5+ Kh4 76. Qf4+ Kh3 77. Qh6+ Kg4 78. Qg6+ Kh3 79. Qf5+ Kh4 80. Qf6+ Kh3 81. Qf5+ Kh4 82. Qf4+ Kh3 83. Qf5+ Kh4 84. Qf4+ Kh3 85. Qf5+ Kh4 86. Qf4+ Kh3 87. Qh6+ Kg4 88. Qg6+ Kh3 89. Qh6+ Kg4 90. Qg6+ Kh3 91. Qh6+ Kg4 1/2-1/2

[Event "WCCC U10 2019"]
[Site "Weifang"]
[Date "2019.08.29"]
[Round "8.10"]
[White "Sodbileg, Uranjargal"]
[Black "Kong, Xiangrui"]
[Result "1-0"]
[ECO "C06"]
[WhiteElo "1419"]
[BlackElo "1889"]
[Annotator "NA"]
[PlyCount "85"]
[EventDate "2019.08.21"]
[EventType "swiss"]
[EventCountry "CHN"]
[SourceTitle "playchess.com"]
[Source "ChessBase"]
[SourceQuality "1"]
[TimeControl "40/5400+30:1800+30"]

1. e4 e6 2. d4 d5 3. Nd2 Nf6 4. e5 Nfd7 5. Bd3 c5 6. c3 Nc6 7. Ne2 cxd4 8. cxd4 f6 9. exf6 Nxf6 10. Nf3 Bd6 11. O-O O-O 12. Bf4 Bxf4 13. Nxf4 Ne4 14. g3 Ng5 15. Nxg5 Qxg5 16. Ne2 e5 17. dxe5 Qxe5 18. Qd2 (18. Nf4 $14) 18... Bg4 19. f4 Qh5 20. Rf2 Kh8 21. Rc1 Ne5 22. Nd4 Nxd3 23. Qxd3 Rac8 24. Rc3 Rxc3 25. bxc3 Rc8 26. Qd2 Bf5 27. Nxf5 Qxf5 28. Re2 Rd8 29. Re7 Qb1+ 30. Kg2 h6 31. Qf2 Rc8 32. Qd4 Qb2+ 33. Kh3 Qxc3 34. Qxd5 Rb8 35. f5 Qf6 36. Re2 Rd8 37. Qf3 b6 38. a4 Rd4 39. Re6 Qf7 40. Rc6 Rd2 41. Qg4 Qd7 42. Qg6 Rf2 $18 (42... Re2 $11) 43. Re6 1-0

[Event "WCCC U10 2019"]
[Site "Weifang"]
[Date "2019.08.30"]
[Round "9.1"]
[White "Sodbilegt, Naranbold"]
[Black "Ilamparthi A R"]
[Result "1/2-1/2"]
[ECO "E91"]
[WhiteElo "1458"]
[BlackElo "1984"]
[Annotator "NA RC"]
[PlyCount "88"]
[EventDate "2019.08.21"]
[EventType "swiss"]
[EventCountry "CHN"]
[SourceTitle "playchess.com"]
[Source "ChessBase"]
[SourceQuality "1"]
[TimeControl "40/5400+30:1800+30"]

1. d4 Nf6 2. c4 d6 3. Nc3 g6 4. e4 Bg7 5. Nf3 O-O 6. Be2 Nc6 7. d5 Nb8 8. Be3 {[%emt 0:01:07] E91: King's Indian: Classical: 6 Be2, unusual replies including 6...c5 and 6...Bg4} (8. h3 a5 9. O-O Na6 10. Be3 Nd7 11. Nd4 Ndc5 12. Qd2 e5 13. dxe6 fxe6 14. Ndb5 b6 15. Rad1 Bb7 16. f3 {0-1 (52) Andersen,M (2605)-Iniyan,P (2462) Boeblingen 2018}) 8... a5 9. O-O Na6 10. Nd2 e5 11. a3 Ne8 12. b4 f5 13. f3 f4 (13... b6 $142) 14. Bf2 g5 $146 ({Predecessor:} 14... axb4 15. axb4 Bd7 {1-0 (32) Duarte,F-Mercadante,R Tijuca 1978}) 15. c5 h5 16. Nc4 Rf6 17. cxd6 cxd6 18. Nb6 Rb8 19. bxa5 Rg6 20. h3 (20. Nca4 $18 {is more deadly.}) 20... Nf6 21. Nxc8 Rxc8 {[%emt 0:00:10] [#]} 22. Rc1 ({White should play} 22. Na4 $1 $16) 22... g4 23. fxg4 (23. Bb6 $5 Qd7 24. Bb5 $16) 23... hxg4 24. Bxg4 Nxg4 25. hxg4 Qd7 26. Qe2 Rf8 27. Bb6 Rxg4 28. Rf3 Rf6 29. Rc2 Rh6 30. Nd1 Bf6 (30... Bf8 $11) 31. Nf2 ({White should play} 31. Qc4 $16) 31... Rgg6 32. Rcc3 Bh4 33. Rh3 Qg7 34. Qf3 Rxg2+ 35. Kf1 Rg3 36. Rxg3 Bxg3 37. Ke2 Nc5 38. Bxc5 dxc5 39. Qg4 ({Avoid the trap} 39. Rxc5 $2 Rh2 $19) 39... Rh2 40. Qc8+ Kh7 41. Rb3 Rxf2+ 42. Kd1 $1 Rf1+ 43. Kc2 Rf2+ $11 44. Kd1 Rf1+ 1/2-1/2

[Event "WCCC U10 2019"]
[Site "Weifang"]
[Date "2019.08.30"]
[Round "9.3"]
[White "Wongso, Steve"]
[Black "Vetokhin, Savva"]
[Result "0-1"]
[ECO "E28"]
[WhiteElo "1765"]
[BlackElo "2016"]
[Annotator "NA"]
[PlyCount "76"]
[EventDate "2019.08.21"]
[EventType "swiss"]
[EventCountry "CHN"]
[SourceTitle "playchess.com"]
[Source "ChessBase"]
[SourceQuality "1"]
[TimeControl "40/5400+30:1800+30"]

1. d4 Nf6 2. c4 e6 3. Nc3 Bb4 4. e3 O-O 5. Bd3 c5 6. a3 Bxc3+ 7. bxc3 b6 {[%emt 0:00:15] E28: Nimzo-Indian: Sämisch: 5...0-0 6 e3} (7... Nc6 8. Ne2 b6 9. O-O Ba6 10. e4 Ne8 11. Ng3 Na5 12. f4 f6 13. f5 Bxc4 14. Bxc4 Nxc4 15. Rf4 cxd4 16. Rh4 dxc3 17. Qh5 Qc7 18. Qxh7+ Kf7 19. Qh5+ Ke7 {0-1 (39) Flores,D (2580)-Bu,X (2710) Tbilisi 2017}) 8. Nf3 Ba6 9. O-O d6 10. e4 $146 ({Predecessor:} 10. Qc2 Nbd7 11. e4 e5 12. Bg5 h6 13. Bxf6 Qxf6 14. h4 cxd4 15. cxd4 exd4 16. Rfe1 {0-1 (39) Nunes Caceres,J (1800)-Fontoura,A (2051) Ladario 2013}) 10... d5 (10... cxd4 $11 {remains equal.} 11. cxd4 d5) 11. e5 Ne4 12. Qc2 h6 13. Bxe4 dxe4 14. Qxe4 Qc7 15. Rd1 cxd4 {[%emt 0:01:03] [#]} 16. Rxd4 $2 ({Weaker is} 16. Qxa8 Nc6 $15) (16. Bxh6 $1 $18 gxh6 17. Qg4+ Kh8 {[#]} 18. Qh4 $1 ) 16... Nc6 17. Rd6 Na5 $2 {[%emt 0:00:24] [#]} (17... Ne7 $15 {stays ahead.}) 18. Qg4 $2 (18. Bxh6 $1 $18 gxh6 19. Qg4+ Kh8 {[#]} 20. Qh4 $1 ) 18... Qxc4 ({Worse is} 18... Nxc4 {[#]} 19. Bxh6 $1 f5 20. exf6 $1 $16 ) 19. Qxc4 ({White should try} 19. Bf4 $1 $15 Nb3 20. Rad1) 19... Nxc4 20. Rd4 Na5 21. Rb1 Rac8 22. Bd2 Rfd8 23. h3 Nc4 24. Rb4 {[%emt 0:00:36] [#]} (24. Rxd8+ $17 Rxd8 25. Bf4) 24... Rxd4 $1 ({Avoid the trap} 24... Nxa3 $2 25. Ra4 $18 {[%mdl 64] Double Attack}) 25. cxd4 Bb7 26. Be3 Bxf3 27. gxf3 Nxa3 28. Rb3 Nc4 29. Rc3 (29. Kf1 $142) 29... Kf8 30. Kf1 Ke8 $19 31. Ke2 Kd7 32. Rb3 a5 33. d5 exd5 34. Rb5 Kc6 35. Rb1 b5 36. Bd4 b4 37. Kd3 Kb5 38. Bc3 Na3 0-1

[Event "WCCC U10 2019"]
[Site "Weifang"]
[Date "2019.08.30"]
[Round "9.4"]
[White "Mayank Chakraborty"]
[Black "Efimov, Leonid"]
[Result "0-1"]
[ECO "B52"]
[WhiteElo "1731"]
[BlackElo "1773"]
[Annotator "NA"]
[PlyCount "106"]
[EventDate "2019.08.21"]
[EventType "swiss"]
[EventCountry "CHN"]
[SourceTitle "playchess.com"]
[Source "ChessBase"]
[SourceQuality "1"]
[TimeControl "40/5400+30:1800+30"]

1. e4 c5 2. Nf3 d6 3. Bb5+ Bd7 4. Bxd7+ Qxd7 5. c4 Nf6 6. Nc3 g6 7. d4 cxd4 8. Nxd4 Bg7 9. f3 O-O 10. Be3 Nc6 11. O-O e6 12. Rc1 Rfd8 13. b3 a6 14. Qd2 b5 15. Nxc6 Qxc6 16. cxb5 axb5 17. Nd5 Qb7 18. Rc7 Qb8 19. Nxf6+ Bxf6 20. Rfc1 b4 21. Qf2 Bc3 22. Rc4 d5 23. exd5 exd5 24. Rh4 Bf6 25. Rg4 h5 26. Rf4 Bg5 27. Rd4 Rxa2 28. Rd2 Bxe3 29. Qxe3 Rxd2 30. Qxd2 Qa7+ 31. Kf1 Qb8 32. g3 Qb5+ 33. Qe2 Qd7 34. Qd2 h4 35. Kg2 Qb5 36. Rc2 hxg3 37. hxg3 d4 38. Rc4 d3 39. Rh4 g5 40. Rg4 f6 41. Rxb4 Qa5 42. Qe1 Qd5 43. Re4 d2 44. Re8+ Rxe8 45. Qxe8+ Kg7 46. Qe7+ Kg6 47. Qe8+ Kf5 48. Qc8+ Ke5 49. Qc7+ Ke6 50. Qc8+ Ke7 51. Qc7+ Qd7 52. Qc5+ Kf7 53. Qc4+ Kg7 0-1

[Event "WCCC U10 2019"]
[Site "Weifang"]
[Date "2019.08.30"]
[Round "9.5"]
[White "Mamedov, Edgar"]
[Black "Meng, Yihan"]
[Result "0-1"]
[ECO "A48"]
[WhiteElo "1714"]
[BlackElo "1793"]
[Annotator "NA"]
[PlyCount "116"]
[EventDate "2019.08.21"]
[EventType "swiss"]
[EventCountry "CHN"]
[SourceTitle "playchess.com"]
[Source "ChessBase"]
[SourceQuality "1"]
[TimeControl "40/5400+30:1800+30"]

1. d4 Nf6 2. Nf3 g6 3. c3 Bg7 4. h3 d6 5. Bf4 Nbd7 6. e3 O-O 7. Bc4 b6 8. O-O Bb7 9. a4 a6 10. Nbd2 Re8 11. Bh2 e5 12. Bg3 e4 13. Ne1 d5 14. Be2 h6 15. c4 a5 16. Nc2 dxc4 17. Nxc4 Nd5 18. N2a3 f5 19. Nb5 Rf8 20. Qb3 Kh7 21. Rac1 f4 22. exf4 Nxf4 23. Bxf4 Rxf4 24. Ne3 c6 25. Nd6 Qb8 26. Nxb7 Qxb7 27. d5 c5 28. Qb5 Bd4 29. d6 Raf8 30. Qb3 R4f6 31. Bc4 Qb8 32. Qc2 Rxf2 33. Qxf2 Rxf2 34. Kxf2 Qxd6 35. Ke2 Bxe3 36. Kxe3 Qd4+ 37. Ke2 Qxb2+ 38. Ke3 Ne5 39. Be2 Qd4+ 40. Kf4 Nd3+ 41. Bxd3 exd3+ 42. Kg3 d2 43. Rf7+ Kg8 44. Rcf1 Qd6+ 45. Kh4 d1=Q 46. Rf8+ Qxf8 47. Rxf8+ Kxf8 48. Kg3 c4 49. Kh2 c3 50. h4 c2 51. h5 g5 52. g4 c1=Q 53. Kg2 Qxg4+ 54. Kf2 Qxh5 55. Kg2 Qg4+ 56. Kf2 Qxa4 57. Kg2 Qaf4 58. Kh3 Qh1# 0-1

[Event "WCCC U10 2019"]
[Site "Weifang"]
[Date "2019.08.30"]
[Round "9.8"]
[White "Sithisak, William"]
[Black "Sodbileg, Uranjargal"]
[Result "0-1"]
[ECO "D35"]
[WhiteElo "1632"]
[BlackElo "1419"]
[Annotator "NA RC"]
[PlyCount "72"]
[EventDate "2019.08.21"]
[EventType "swiss"]
[EventCountry "CHN"]
[SourceTitle "playchess.com"]
[Source "ChessBase"]
[SourceQuality "1"]
[TimeControl "40/5400+30:1800+30"]

1. d4 Nf6 2. c4 e6 3. Nc3 Bb4 4. Bg5 d5 5. cxd5 exd5 6. e3 O-O 7. Bd3 b6 8. Nge2 h6 9. Bh4 Bb7 10. O-O Nbd7 11. Rc1 c5 12. a3 Bxc3 13. Rxc3 c4 14. Bb1 Qe8 15. Bg3 Qe7 16. f3 b5 17. Bf2 a5 18. e4 dxe4 19. fxe4 Nxe4 20. Re3 f5 21. Nc3 Ndf6 22. Rfe1 Qd7 23. Bxe4 fxe4 24. d5 Ng4 25. R3e2 Nxf2 26. Rxf2 Rxf2 27. Kxf2 Rf8+ 28. Kg1 b4 29. Nxe4 Bxd5 30. Re2 Kh8 31. Rd2 Qa7+ 32. Nf2 c3 33. Re2 Bc4 34. bxc3 Bxe2 35. Qxe2 bxc3 36. h3 Rxf2 0-1

[Event "WCCC U10 2019"]
[Site "Weifang"]
[Date "2019.08.30"]
[Round "9.9"]
[White "Woodward, Andy"]
[Black "Han, Johnathan"]
[Result "0-1"]
[ECO "E39"]
[WhiteElo "1522"]
[BlackElo "1579"]
[Annotator "NA"]
[PlyCount "102"]
[EventDate "2019.08.21"]
[EventType "swiss"]
[EventCountry "CHN"]
[SourceTitle "playchess.com"]
[Source "ChessBase"]
[SourceQuality "1"]
[TimeControl "40/5400+30:1800+30"]

1. d4 Nf6 2. c4 e6 3. Nc3 Bb4 4. Qc2 c5 5. dxc5 O-O 6. Nf3 Na6 7. a3 Bxc3+ 8. Qxc3 Nxc5 9. b4 Nce4 10. Qd4 a5 11. Bb2 Qe7 12. b5 Nc5 13. Qc3 b6 14. a4 Bb7 15. e3 Rac8 16. Be2 d5 17. Ne5 Nce4 18. Qa3 Qxa3 19. Bxa3 Rfd8 20. f3 Nc5 21. Bxc5 Rxc5 22. O-O Kf8 23. Rfd1 Ke7 24. Rac1 Rdc8 25. f4 Ne4 26. Bf3 Nd6 27. Rc2 f6 28. Nd3 Rxc4 29. Rxc4 Rxc4 30. Rc1 Rxc1+ 31. Nxc1 Nc4 32. Nd3 Nxe3 33. Nb2 Kd6 34. Kf2 Nc2 35. Nd3 Nb4 36. Nxb4 axb4 37. Ke3 Kc5 38. Kd3 e5 39. fxe5 fxe5 40. Bg4 e4+ 41. Kc2 d4 42. Kb3 Bd5+ 43. Kb2 d3 44. Kc1 e3 45. g3 b3 46. h4 b2+ 47. Kb1 e2 48. Kxb2 e1=Q 49. h5 Qd2+ 50. Kb1 Qc2+ 51. Ka1 Qa2# 0-1

[Event "WCCC U10 2019"]
[Site "Weifang"]
[Date "2019.08.30"]
[Round "9.10"]
[White "Lu, Miaoyi"]
[Black "Renji, Rafael Ninan"]
[Result "1-0"]
[ECO "E62"]
[WhiteElo "1950"]
[BlackElo "1446"]
[Annotator "NA"]
[PlyCount "247"]
[EventDate "2019.08.21"]
[EventType "swiss"]
[EventCountry "CHN"]
[SourceTitle "playchess.com"]
[Source "ChessBase"]
[SourceQuality "1"]
[TimeControl "40/5400+30:1800+30"]

1. d4 Nf6 2. c4 g6 3. g3 Bg7 4. Bg2 O-O 5. Nc3 d6 6. Nf3 c6 7. O-O d5 {[%emt 0:04:11] E62: King's Indian: Fianchetto: 6...c6 and Panno Variation (6...Nc6) without ...a6} (7... Bf5 8. Ne1 d5 9. Nc2 Qd7 10. Ne3 Be6 11. b3 Bh3 12. Bxh3 Qxh3 13. Ba3 Qd7 14. Qd3 Rd8 15. Rad1 Na6 16. Nc2 {1-0 (64) Bu,X (2731)-Aravindh,C (2599) Astana 2019}) 8. cxd5 Nxd5 9. Nxd5 (9. e4 $14 Nxc3 10. bxc3) 9... cxd5 10. Ne5 $146 ({Predecessor:} 10. Re1 Bf5 11. Qb3 Bc8 12. e3 Na6 13. Bd2 Nc7 14. Rac1 b6 15. Qc2 {1-0 (53) Lopez Valverde,R-Jimenez Bandera,M Malaga 2000}) 10... e6 11. f4 Nd7 12. b3 f5 13. a4 Nxe5 14. fxe5 Rf7 15. Ba3 Bd7 16. Rc1 Bc6 (16... b5 $15) 17. Bd6 Qg5 18. Rc3 Bf8 19. Bxf8 Raxf8 20. e3 h5 21. b4 a6 22. Qb3 h4 23. b5 axb5 24. axb5 Be8 25. Rf3 Rh7 26. Rc8 hxg3 27. hxg3 Qh6 28. Qb4 g5 29. Qd6 g4 30. Rf4 Bf7 31. Rxf8+ Qxf8 32. Qxf8+ Kxf8 33. b6 Ke7 34. Rf2 Be8 35. Bf1 Rh8 36. Ra2 Bc6 37. Ra7 Kd7 38. Ba6 Rb8 39. Kf2 Kd8 40. Bd3 Kd7 41. Ra1 Rh8 42. Kg2 Ke7 43. Ra7 Kd7 44. Be2 Rg8 45. Kf2 Rh8 46. Kg1 Rg8 47. Ba6 Rb8 48. Kf2 Kd8 49. Bd3 Kd7 50. Kg2 Ke7 51. Be2 Kd7 52. Bd3 Ke7 53. Kf2 Rh8 54. Kg1 Kd7 55. Ba6 Rb8 56. Kf1 Kd8 57. Bd3 Kd7 58. Ra2 Rh8 59. Kg1 Ke7 60. Ra1 Kd7 61. Kg2 Ke7 62. Kg1 Kd7 63. Ra7 Rg8 64. Be2 Rh8 65. Kg2 Rg8 66. Ba6 Rb8 67. Kf2 Kd8 68. Be2 Kd7 69. Bd3 Rh8 70. Ba6 Rb8 71. Ke2 Kd8 72. Bd3 Kd7 73. Kf2 Ke7 74. Ba6 Kd8 75. Be2 Ke7 76. Kg1 Kd7 77. Kg2 Ke7 78. Ra5 Kd7 79. Ra1 Rh8 80. Bd3 Ke7 81. Ra2 Rg8 82. Be2 Rh8 83. Ra7 Rb8 84. Kf2 Kd7 85. Bd3 Rh8 86. Ba6 Rh2+ 87. Kg1 Ra2 {[%emt 0:00:53] [#]} 88. Bb5 $1 Rc2 $2 (88... Ra1+ $11 89. Rxa1 Bxb5) 89. Rxb7+ $1 Kd8 90. Rc7 Rb2 91. Bxc6 Rxb6 92. Rd7+ Kc8 93. Rd6 ({Weaker is} 93. Ba4 Ra6 $16) 93... Kc7 94. Rxe6 Rxc6 95. Rxc6+ $18 Kxc6 96. Kf2 Kb5 97. Ke2 Kb6 98. Kd3 Kc6 99. Kc3 Kb5 100. Kb3 Kc6 101. Ka4 Kb6 102. Kb4 Kc6 103. Ka5 Kd7 104. Kb6 Ke7 105. Kc5 Ke6 106. Kc6 Ke7 107. Kxd5 Kd7 108. e6+ Ke7 109. Ke5 Ke8 110. Kf6 Kf8 111. d5 f4 112. exf4 Ke8 113. e7 Kd7 114. Kf7 Kd6 115. e8=Q Kxd5 116. Qe5+ Kc4 117. Qd6 Kc3 118. Ke6 Kb3 119. Qc5 Kb2 120. Kd5 Ka2 121. Qb4 Ka1 122. Kc4 Ka2 123. Kc3 Ka1 124. Qb2# 1-0

[Event "WCCC U10 2019"]
[Site "Weifang"]
[Date "2019.08.31"]
[Round "10.1"]
[White "Vetokhin, Savva"]
[Black "Sodbilegt, Naranbold"]
[Result "1-0"]
[ECO "B52"]
[WhiteElo "2016"]
[BlackElo "1458"]
[Annotator "NA"]
[PlyCount "53"]
[EventDate "2019.08.21"]
[EventType "swiss"]
[EventCountry "CHN"]
[SourceTitle "playchess.com"]
[Source "ChessBase"]
[SourceQuality "1"]
[TimeControl "40/5400+30:1800+30"]

1. e4 c5 2. Nf3 d6 3. Bb5+ Bd7 4. Bxd7+ Qxd7 5. O-O Nc6 6. c3 Nf6 7. Qe2 e6 8. d4 cxd4 9. cxd4 Be7 10. Nc3 O-O 11. h3 {[%emt 0:05:18] B52: Sicilian: Moscow Variation with 3...Bd7} (11. Bg5 Rfe8 12. Rfd1 Rad8 13. a3 a6 14. b4 Rc8 15. Qd3 Red8 16. Rab1 b5 17. h3 Ne8 18. Bd2 Nc7 {½-½ (34) Benkiar,D (2031)-Bourkiza,H (1599) Tipaza 2019}) 11... Rac8 12. Bf4 $146 ({Predecessor:} 12. Bg5 h6 13. Bh4 Nh5 14. Bxe7 Qxe7 15. Rac1 e5 16. Nd5 Qe6 17. dxe5 dxe5 18. Rfd1 Rfd8 {0-1 (28) Kopcova,L (1618)-Ambrozova,L (1480) Kouty nad Desnou 2014}) 12... d5 13. e5 Ne8 14. h4 a6 15. h5 h6 16. Rac1 b5 17. Nd1 Nc7 (17... f5 $11) 18. Ne3 b4 19. Ng4 Nb5 $18 (19... Na5 $14) 20. Qe3 Qa7 21. Rcd1 Qb6 22. Bxh6 gxh6 23. Qxh6 f5 24. exf6 Bxf6 25. Nxf6+ Kf7 26. Ng5+ Ke7 27. Qg7+ 1-0

[Event "WCCC U10 2019"]
[Site "Weifang"]
[Date "2019.08.31"]
[Round "10.2"]
[White "Ilamparthi A R"]
[Black "Wei, Jianzhou"]
[Result "0-1"]
[ECO "A12"]
[WhiteElo "1984"]
[BlackElo "1656"]
[Annotator "NA"]
[PlyCount "162"]
[EventDate "2019.08.21"]
[EventType "swiss"]
[EventCountry "CHN"]
[SourceTitle "playchess.com"]
[Source "ChessBase"]
[SourceQuality "1"]
[TimeControl "40/5400+30:1800+30"]

1. Nf3 d5 2. g3 Nf6 3. Bg2 Bf5 4. O-O c6 5. d3 h6 6. Nbd2 e6 7. c4 Be7 8. Rb1 a5 9. b3 O-O 10. Bb2 Na6 11. a3 Bh7 {[%emt 0:04:11] A12: English Opening: 1...c6 with b3 by White} 12. Ne5 Re8 $146 ({Predecessor:} 12... Bd6 13. Qc1 Qe7 14. Ra1 Nc5 15. b4 axb4 16. axb4 Na6 17. c5 Bxe5 18. Bxe5 Rfd8 19. Qb2 {1-0 (40) Bruch,J (2305)-Stephan,U (1945) Ludwigshafen 1996}) 13. Ndf3 Qc7 14. Qd2 Rad8 15. Rfc1 d4 16. Re1 c5 17. e3 dxe3 (17... Nd7 $11 18. Nxd7 (18. exd4 Nxe5 19. Rxe5 Bf6 $11) 18... Rxd7) 18. Qxe3 Bd6 19. Rbc1 Qe7 20. Rcd1 Nb8 21. Qd2 Bc7 22. Qc3 Qf8 23. Nh4 b6 24. Nhf3 Bd6 25. h3 Nfd7 26. Ng4 f6 27. d4 h5 28. Ngh2 e5 29. d5 e4 30. Nd2 f5 31. h4 Ne5 32. Bf1 Nbd7 33. Be2 ({White should try} 33. f4) 33... Nf6 34. Qe3 Qf7 35. Qg5 Bg6 36. Kh1 Ned7 37. Qe3 Nh7 38. f4 exf3 39. Qxf3 f4 40. gxf4 Bxf4 41. Rf1 Bxh2 42. Kxh2 Qe7 43. Rf2 Qxh4+ 44. Kg2 Qe7 45. Rg1 Ng5 46. Qg3 Nf8 47. Kh2 Nfh7 48. Nf3 Rf8 49. Rfg2 h4 50. Nxh4 Be4 51. Rf2 (51. Bg4 $14 Qd6 52. Be6+ Nxe6 53. Be5) 51... Rxf2+ 52. Qxf2 Rf8 53. Qg3 Bxd5 54. Bd3 Be4 ({Better is} 54... Bc6 $15 55. Bc3 (55. Ng6 $2 Qe6 $19) 55... Rf3 56. Nxf3 (56. Bxh7+ $2 Kxh7 57. Nxf3 Nxf3+ 58. Kh1 Nh4+ 59. Kh2 Qe2+ 60. Kh3 Bd7+ 61. Kxh4 Qe4+ 62. Qg4 g5+ 63. Kxg5 Bxg4 $19) 56... Nxf3+ 57. Kh1 Nxg1+ 58. Kxg1 Ng5) 55. Re1 Rf7 56. Bc1 Rf6 57. Kg1 {[%emt 0:03:13] [#]} Re6 $1 58. Rf1 Bxd3 59. Qxd3 Ne4 60. Qd5 Nf8 61. Nf5 Qe8 62. Nh4 (62. Bf4 $17 {was forced.}) 62... Nf6 63. Qf3 Re4 64. Ng2 Ne6 65. Bb2 Nd4 66. Bxd4 cxd4 67. Rd1 Qe5 68. b4 $2 (68. Rd3) 68... g5 69. c5 bxc5 70. bxc5 Kg7 71. c6 $2 (71. Rb1 Qxc5 72. Rb7+ Kg6 73. Qd3) 71... Qc5 $2 (71... Ng4 72. Qxe4 Qxe4) 72. Qg3 $2 (72. Rf1 Qxc6 73. Qf5) 72... d3+ $2 (72... Ng4 $19 {and Black stays clearly on top.} 73. Kh1) 73. Kh1 $2 (73. Qf2 Qxc6 74. Rxd3) 73... Ng4 74. c7 Re6 75. Nf4 Rh6+ 76. Kg2 Qc2+ {[%emt 0:00:46] Double Attack} 77. Kf3 Qxd1+ 78. Ke4 Qa4+ 79. Kf5 Qd7+ 80. Kxg5 Nf6 81. Qf3 Nh7# 0-1